 Dungeon Crawl Stone Soup version 0.27.0-1-g7a089689b8 (webtiles) character file.

Game seed: 15583634844149408688

16839 Acheron the Bolt Thrower (level 12, -6/63 HPs)
             Began as a Gargoyle Arcane Marksman on Aug 2, 2021.
             Was the Champion of Hepliaklqana.
             Mangled by a tarantella (9 damage)
             ... on level 1 of the Spider Nest on Aug 3, 2021.
             The game lasted 03:11:31 (15682 turns).

Acheron the Bolt Thrower (GrAM)                    Turns: 15682, Time: 03:11:32

Health: -6/63      AC: 19    Str: 15    XL:     12   Next: 41%
Magic:  11/20      EV: 16    Int: 14    God:    Hepliaklqana [******]
Gold:   283        SH:  0    Dex: 12    Spells: 6/21 levels left

rFire    . . .     SeeInvis .   q - +4 eveningstar of Incongruity {freeze, rPois Will++ Int-2}
rCold    . . .     Faith    .   v - +1 buckler {rN+}
rNeg     + + .     Spirit   .   I - +1 acid dragon scales
rPois    ∞         Reflect  .   (no helmet)
rElec    +         Harm     .   G - +1 cloak {Stlth+}
rCorr    +         Rampage  .   (no gloves)
Will     ++...                  (no boots)
Stlth    ++........             (no amulet)
HPRegen  0.20/turn              n - ring of wizardry
MPRegen  0.17/turn              o - +4 ring of evasion

@: confused, confusing by touch
A: reduced essence, sickness immunity, AC +8, negative energy resistance 1,
electricity resistance, torment resistance 1, petrification resistance
a: Renounce Religion, Recall Ancestor, Ancestor Identity, Transference, Idealise


You were on level 1 of the Spider Nest.
You worshipped Hepliaklqana.
Hepliaklqana was exalted by your worship.
You visited 6 branches of the dungeon, and saw 21 of its levels.
You also visited: Ossuary.

You collected 699 gold pieces.
You spent 416 gold pieces at shops.

Inventory:

Hand Weapons
 a - a +1 hand crossbow
 q - the +4 eveningstar of Incongruity (weapon) {freeze, rPois Will++ Int-2}
   (You found it on level 1 of the Lair of Beasts)

   It freezes those it strikes, dealing additional cold damage.
   It can also slow down cold-blooded creatures.
   Int:       It affects your intelligence (-2).
   rPois:     It protects you from poison.
   Will:      It greatly increases your willpower.
 w - a +0 war axe
 E - a +2 short sword of venom
Missiles
 c - 29 bolts
 g - 34 sling bullets
 s - 23 boomerangs (quivered)
 y - 2 curare-tipped darts
 B - a throwing net
 C - 3 datura-tipped darts
 F - 52 poisoned darts
 K - 3 silver boomerangs
Armour
 h - a scarf of invisibility
 v - a +1 buckler of positive energy (worn)
 D - a +2 leather armour of fire resistance
 G - a +1 cloak of stealth (worn)
 I - +1 acid dragon scales (worn)
Jewellery
 n - a ring of wizardry (left hand)
 o - a +4 ring of evasion (right hand)
 r - an amulet of guardian spirit
 u - a ring of see invisible
 J - a ring of magical power
Wands
 m - a wand of mindburst (31)
 O - a wand of iceblast (6)
Scrolls
 k - 6 scrolls of teleportation
 p - a scroll of blinking
 L - 2 scrolls of identify
 N - a scroll of fear
Potions
 b - a potion of cancellation
 d - 2 potions of mutation
 i - 2 potions of brilliance
 j - 7 potions of curing
 l - 2 potions of lignification
 t - a potion of magic
 x - 2 potions of might
 z - 2 potions of heal wounds
 A - a potion of invisibility
 H - a potion of ambrosia
 M - 2 potions of flight
 P - a potion of resistance
Miscellaneous
 e - a box of beasts


   Skills:
 * Level 6.5 Fighting
 + Level 5.2 Short Blades
 * Level 6.3 Maces & Flails
 + Level 7.1 Crossbows
 * Level 2.2 Throwing
 + Level 6.0 Armour
 + Level 4.4 Dodging
 * Level 6.9 Stealth
 * Level 3.5 Shields
 * Level 5.4 Spellcasting
 * Level 5.1 Hexes
 + Level 4.0 Translocations
 * Level 6.0 Invocations
 + Level 4.0 Evocations


You had 6 spell levels left.
You knew the following spells:

 Your Spells              Type           Power      Damage    Failure   Level
a - Corona                Hex            20%        N/A       1%          1
b - Slow                  Hex            18%        N/A       1%          2
c - Teleport Other        Tloc           15%        N/A       6%          3
d - Portal Projectile     Hex/Tloc       32%        N/A       4%          3
e - Gell's Gravitas       Tloc           7%         N/A       6%          3
f - Confusing Touch       Hex            18%        N/A       3%          3

Your spell library contained the following spells:

 Spells                   Type           Power      Damage    Failure   Level
 Lesser Beckoning         Tloc           7%         N/A       6%          3
 Beastly Appendage        Tmut           6%         N/A       10%         1
 Inner Flame              Hex/Fire       10%        N/A       11%         3
 Cause Fear               Hex            9%         N/A       12%         4
 Corpse Rot               Necr/Air       N/A        N/A       16%         2
 Poisonous Vapours        Pois/Air       6%         N/A       16%         2
 Wereblood                Tmut           3%         N/A       16%         2
 Ignite Poison            Fire/Tmut/Pois 3%         N/A       28%         3
 Mephitic Cloud           Conj/Pois/Air  3%         N/A       28%         3
 Spider Form              Tmut/Pois      1%         N/A       28%         3
 Vampiric Draining        Necr           1%         2d6       28%         3
 Airstrike                Air            1%         N/A       65%         4
 Summon Lightning Spire   Summ/Air       3%         N/A       65%         4
 Summon Mana Viper        Hex/Summ       10%        N/A       65%         5
 Summon Forest            Summ/Tloc      4%         N/A       71%         5
 Bolt of Magma            Conj/Fire/Erth 1%         4d4       92%         5
 Freezing Cloud           Conj/Ice/Air   1%         6-21      92%         5
 Lightning Bolt           Conj/Air       1%         1d12      92%         5
 Shadow Creatures         Summ           N/A        N/A       100%        6
 Summon Hydra             Summ           1%         N/A       100%        7
 Sublimation of Blood     Necr           Unusable   N/A       N/A         2

Dungeon Overview and Level Annotations

Branches:
Dungeon (11/15)            Temple (1/1) D:5            Lair (6/6) D:11
  Swamp (1/4) Lair:3       Spider (1/4) Lair:2        Slime (1/5) Lair:5
Ossuary (visited)
    Orc: D:9-12

Altars:
Ashenzari
Cheibriados
Dithmenos
Elyvilon
Fedhas
Gozag
Hepliaklqana
Makhleb
Nemelex Xobeh
Okawaru
Qazlal
Ru
Sif Muna
Trog
Uskayaw
Vehumet
Wu Jian
Xom
Yredelemnul
Zin
The Shining One
Beogh

Shops:
D:3 =?=   D:10 *?!*

Portals:
Abyss: Lair:5

Annotations:
D:3 exclusion: downstairs
D:6 3 runed translucent doors, GordonOverkill's ghost, novice HuAM
Lair:3 Rupert
Lair:5 2 transporters, exclusion: downstairs, Kaofid's ghost, journeyman GrEE


Innate Abilities, Weirdness & Mutations

Your life essence is reduced to manifest your ancestor. (-10% HP)
You are immune to sickness and miasma.
Your stone body is resilient. (AC +8)
You are immune to poison.
You resist negative energy. (rN+)
You are resistant to electric shocks. (rElec)
You are resistant to unholy torment.
You are immune to petrification.


Message History

The redback closely misses you.
The tarantella bites you but does no damage.
The redback closely misses you.
You barely miss the redback.
The redback is almost dead.
You block the tarantella's attack.
The redback bites you but does no damage.
The tarantella closely misses you.
You puncture the redback! You freeze the redback.
You kill the redback!
The tarantella bites you but does no damage.
The tarantella misses you.
Your Hexes skill increases to level 5!
You barely miss the tarantella.
The tarantella is severely wounded.
You block the tarantella's attack. The tarantella closely misses you.
You hit the tarantella. You freeze the tarantella.
The tarantella is almost dead.
The tarantella bites you.
* * * LOW HITPOINT WARNING * * *
Casting: Confusing Touch (dangerous; 3% risk of failure)
Confirm with . or Enter, or press ? or * to list all spells.
Your hands begin to glow red.
The tarantella closely misses you. The tarantella misses you.
You closely miss the tarantella.
The tarantella is almost dead.
The tarantella bites you but does no damage. x2
You closely miss the tarantella.
The tarantella is almost dead.
The tarantella closely misses you. The tarantella barely misses you.
You hit the tarantella but do no damage.
The tarantella is almost dead.
The tarantella bites you but does no damage.
You miss the tarantella.
The tarantella is almost dead.
The tarantella misses you. The tarantella bites you.
* * * LOW HITPOINT WARNING * * *
You are confused.
The tarantella bites you!
You die...

#.<### #..#^# #....#
### ##...###..# .#..
#..#...##...^# #...s
..........[>.###....
#....#........#.s.#
#...###.#...###..###
.... ###.@...(....#
... #.>s((.....# (.
#.......?###
#.....#....$.#
##..#.#.......
#...###.#..... #..##
#####.. ##.. . ###


You could see a tarantella.

Vanquished Creatures
  2 two-headed ogres (D:8)
  An oklob plant (Lair:2)
  The ghost of dracos369 the Skirmisher, an amateur OgWr of Ashenzari (D:5)
  A rime drake (Lair:4)
  A komodo dragon (Lair:3)
  A troll (D:7)
  A polar bear (Lair:3)
  A dream sheep (Lair:3)
  A redback (Spider:1)
  4 yaks (Lair:3)
  A wyvern (Lair:3)
  A basilisk (Lair:2)
  2 swamp worms (Lair:3)
  An acid dragon (D:9)
  4 water moccasins
  A sky beast (D:7)
  An ice beast (D:7)
  An orc warrior (D:11)
  A black bear (D:11)
  An ogre (D:4)
  4 necrophages
  A centaur (D:10)
  A wolf (Lair:5)
  2 elf zombies (Ossuary)
  3 bullfrogs
  A wyvern zombie (D:8)
  2 howler monkeys
  A centaur zombie (D:7)
  2 orc priests (D:7)
  A hound (D:6)
  A bullfrog skeleton (D:4)
  A human zombie (Ossuary)
  An iguana (D:5)
  3 orc wizards
  2 hell rats (Lair:3)
  Terence (D:2)
  5 gnolls
  2 adders
  A white imp (D:8)
  A dart slug (D:1)
  13 orcs
  4 ball pythons
  3 bats (D:1)
  2 endoplasms
  3 giant cockroaches
  6 hobgoblins
  A quokka (D:2)
  2 frilled lizards
  3 goblins
  A jackal skeleton (D:4)
  8 kobolds
  9 rats
  A spectral orc (D:8)
120 creatures vanquished.

Vanquished Creatures (collateral kills)
  A black mamba (Lair:2)
  5 cane toads
  3 rime drakes
  2 komodo dragons
  A tyrant leech (Lair:3)
  Prince Ribbit (D:6)
  3 blink frogs (Lair:3)
  3 tarantellas (Spider:1)
  A redback (Spider:1)
  A wraith (D:11)
  A basilisk (Lair:2)
  3 wyverns
  An acid dragon (D:9)
  A swamp worm (Lair:3)
  10 water moccasins
  A black bear (D:11)
  An ice beast (D:6)
  2 orc warriors
  A sky beast (D:7)
  2 ogres
  4 wolves (Lair:5)
  A centaur (D:5)
  A kobold brigand (D:5)
  5 elf zombies (Ossuary)
  7 bullfrogs
  5 killer bees (D:9)
  5 howler monkeys
  4 centaur zombies
  A hound (D:6)
  2 human zombies (Ossuary)
  An iron imp (D:6)
  7 orc priests
  Crazy Yiuf (D:3)
  A centaur skeleton (D:7)
  2 iguanas (D:5)
  A gnoll shaman (D:6)
  8 orc wizards
  4 hell rats (Lair:3)
  3 mummies (Ossuary)
  A howler monkey zombie (D:5)
  2 gnolls (D:6)
  2 howler monkey skeletons
  4 adders
  A shadow imp (D:5)
  A white imp (D:6)
  The ghost of flinch the Sneak, a weakling DrDe (D:5)
  An adder simulacrum (D:4)
  20 orcs
  A ball python (D:4)
  A bat (D:3)
  2 endoplasms
  3 goblins
  2 hobgoblins (D:3)
  9 kobolds
  A frilled lizard (D:3)
  A rat (D:3)
160 creatures vanquished.

Vanquished Creatures (others)
  8 battlemagi
  A bush (Lair:3)
  25 fungi
  111 plants
145 creatures vanquished.

Grand Total: 425 creatures vanquished

Notes
Turn   | Place    | Note
-------+----------+-------------------------------------------
     0 | D:1      | Acheron the Gargoyle Arcane Marksman began the quest for
                  | the Orb.
     0 | D:1      | Reached XP level 1. HP: 12/12 MP: 2/2
   215 | D:1      | Reached XP level 2. HP: 16/16 MP: 3/3
   795 | D:2      | Learned a level 2 spell: Slow
   979 | D:2      | Found a faded altar of an unknown god.
   983 | D:2      | Noticed a necrophage
   991 | D:2      | Killed a necrophage
   992 | D:2      | Reached skill level 1 in Short Blades
   992 | D:2      | Reached skill level 1 in Armour
   992 | D:2      | Reached XP level 3. HP: 12/21 MP: 3/5
   992 | D:2      | Reached XP level 4. HP: 15/26 MP: 3/6
  1124 | D:2      | Became a worshipper of Hepliaklqana the Forgotten
  1124 | D:2      | Reached * piety under Hepliaklqana
  1286 | D:3      | Reached skill level 1 in Stealth
  1286 | D:3      | Reached XP level 5. HP: 24/27 MP: 7/7
  1461 | D:3      | Found Purryel's Jewellery Shop.
  1560 | D:3      | Found a stormy altar of Qazlal.
  1629 | D:2      | Reached ** piety under Hepliaklqana
  2013 | D:2      | Noticed Terence
  2021 | D:2      | Killed Terence
  2317 | D:3      | Found Ryrghalu's Magic Scroll Shop.
  2325 | D:3      | Bought a scroll of identify for 20 gold pieces
  2325 | D:3      | Bought a scroll of blinking for 75 gold pieces
  2325 | D:3      | Bought a scroll of identify for 20 gold pieces
  2325 | D:3      | Bought a scroll of identify for 20 gold pieces
  2325 | D:3      | Bought a scroll of identify for 20 gold pieces
  2438 | D:3      | Noticed a necrophage
  2451 | D:3      | Killed a necrophage
  2452 | D:3      | Reached skill level 1 in Invocations
  2452 | D:3      | Reached XP level 6. HP: 20/31 MP: 8/8
  2550 | D:3      | Remembered your ancestor Plehti as a battlemage
  2801 | D:3      | Found Aclojor's Jewellery Shop.
  2953 | D:3      | Found a runed translucent door.
  2954 | D:3      | Noticed Crazy Yiuf
  3053 | D:4      | Noticed dracos369's ghost (amateur OgWr)
  3093 | D:4      | Learned a level 3 spell: Teleport Other
  3229 | D:5      | Entered Level 5 of the Dungeon
  3243 | D:5      | Found a staircase to the Ecumenical Temple.
  3252 | Temple   | Entered the Ecumenical Temple
  3495 | D:5      | Noticed a water moccasin
  3501 | D:5      | Killed a water moccasin
  3502 | D:5      | Reached skill level 3 in Crossbows
  3502 | D:5      | Reached XP level 7. HP: 30/36 MP: 6/9
  3527 | D:5      | Reached skill level 1 in Evocations
  3671 | D:6      | Found a sand-covered staircase.
  3679 | Ossuary  | Entered an ossuary
  3712 | Ossuary  | Reached XP level 8. HP: 40/40 MP: 11/11
  4267 | D:6      | Reached *** piety under Hepliaklqana
  4317 | D:6      | Found a snail-covered altar of Cheibriados.
  4396 | D:6      | Found a runed translucent gate.
  4397 | D:6      | Found a runed translucent gate.
  4398 | D:6      | Found a runed translucent gate.
  4399 | D:6      | Noticed GordonOverkill's ghost (novice HuAM)
  4523 | D:6      | Found a broken altar of Ashenzari.
  4585 | D:6      | Noticed Prince Ribbit
  4645 | D:6      | Killed Prince Ribbit
  4646 | D:6      | Reached skill level 5 in Short Blades
  4646 | D:6      | Reached XP level 9. HP: 45/45 MP: 13/13
  4652 | D:6      | Found a shimmering blue altar of Sif Muna.
  4716 | D:5      | Found a shadowy altar of Dithmenos.
  4738 | D:4      | Found an ornate altar of the Wu Jian Council.
  5123 | D:5      | Reached skill level 4 in Crossbows
  5375 | D:5      | Found a sacrificial altar of Ru.
  5706 | D:5      | Found a runed translucent gate.
  5706 | D:5      | Found a runed translucent gate.
  5706 | D:5      | Found a runed translucent gate.
  5707 | D:5      | Noticed flinch's ghost (weakling DrDe)
  5974 | D:6      | Found an opulent altar of Gozag.
  6239 | D:7      | Reached **** piety under Hepliaklqana
  6316 | D:7      | Noticed a troll
  6357 | D:7      | Reached skill level 1 in Maces & Flails
  7047 | D:8      | Reached skill level 1 in Translocations
  7106 | D:9      | Noticed a two-headed ogre
  7140 | D:7      | Killed a troll
  7141 | D:7      | Reached XP level 10. HP: 33/51 MP: 15/15
  7262 | D:7      | Learned a level 3 spell: Portal Projectile
  7506 | D:4      | Found a runed translucent gate.
  7506 | D:4      | Found a runed translucent gate.
  7506 | D:4      | Found a runed translucent gate.
  7572 | D:5      | Killed dracos369's ghost
  7573 | D:5      | Reached skill level 5 in Armour
  7808 | D:5      | Killed flinch's ghost
  8033 | D:3      | Killed Crazy Yiuf
  8286 | D:8      | Found a blossoming altar of Fedhas.
  8303 | D:8      | Noticed a two-headed ogre
  8320 | D:8      | Found a basalt altar of Yredelemnul.
  8339 | D:8      | Reached skill level 5 in Crossbows
  8382 | D:8      | Killed a two-headed ogre
  8383 | D:8      | Reached skill level 5 in Stealth
  8780 | D:8      | Found a bloodstained altar of Trog.
  8956 | D:8      | Killed a two-headed ogre
  9205 | D:8      | Reached ***** piety under Hepliaklqana
  9266 | D:8      | Reached skill level 5 in Fighting
  9942 | D:9      | Reached skill level 1 in Throwing
 10132 | D:9      | Learned a level 3 spell: Gell's Gravitas
 10384 | D:10     | Entered Level 10 of the Dungeon
 10444 | D:10     | Reached XP level 11. HP: 55/57 MP: 10/17
 10449 | D:10     | Noticed a two-headed ogre
 10708 | D:10     | Found Tozoduu's Distillery.
 10718 | D:10     | Found Harghuoni's Assorted Antiques.
 10721 | D:10     | Found Cucvul's General Store.
 10726 | D:10     | Found Ykleust's Magic Scroll Shoppe.
 10733 | D:10     | Bought a scroll of teleportation for 30 gold pieces
 10733 | D:10     | Bought a +1 buckler of positive energy for 135 gold pieces
 10744 | D:10     | Bought a scroll of teleportation for 36 gold pieces
 10744 | D:10     | Bought a scroll of teleportation for 36 gold pieces
 10744 | D:10     | Bought a scroll of identify for 24 gold pieces
 10845 | D:11     | Reached skill level 6 in Crossbows
 11101 | D:11     | Found a staircase to the Lair.
 11151 | Lair:1   | Entered Level 1 of the Lair of Beasts
 11345 | Lair:1   | Identified the +4 eveningstar of Incongruity {freeze, rPois
                  | Will++ Int-2}
 11537 | Lair:1   | Reached skill level 1 in Shields
 11680 | Lair:2   | Found a hole to the Spider Nest.
 11691 | Spider:1 | Entered Level 1 of the Spider Nest
 11982 | Lair:2   | Noticed an oklob plant
 12578 | Lair:3   | Noticed Rupert
 12729 | Lair:3   | Reached skill level 5 in Invocations
 12995 | Lair:3   | Reached skill level 5 in Maces & Flails
 13045 | Lair:3   | Found a staircase to the Swamp.
 13099 | Swamp:1  | Entered Level 1 of the Swamp
 13099 | Swamp:1  | Noticed a bunyip
 13099 | Swamp:1  | Noticed an alligator
 13132 | Lair:3   | Reached ****** piety under Hepliaklqana
 13196 | Lair:3   | HP: 2/57 [yak (7)]
 13268 | Lair:3   | HP: 2/57 [yak (12)]
 13852 | Lair:3   | Noticed a catoblepas
 13876 | Lair:3   | Reached XP level 12. HP: 43/63 MP: 19/19
 14087 | Lair:4   | Reached skill level 5 in Spellcasting
 14091 | Lair:4   | Learned a level 3 spell: Confusing Touch
 14376 | Lair:4   | Noticed a boulder beetle
 14395 | Lair:5   | Noticed a hell hog
 14402 | Lair:5   | Noticed Kaofid's ghost (journeyman GrEE)
 14428 | Lair:6   | Entered Level 6 of the Lair of Beasts
 14686 | Lair:5   | Noticed a death yak
 14870 | Lair:6   | Noticed an eight-headed hydra
 14940 | Lair:5   | Found a staircase to the Slime Pits.
 14953 | Slime:1  | Entered Level 1 of the Pits of Slime
 15053 | Lair:5   | Found a transporter.
 15068 | Lair:5   | Found a transporter.
 15076 | Lair:5   | Found a one-way gate to the infinite horrors of the Abyss.
 15497 | Lair:2   | Reached skill level 7 in Crossbows
 15675 | Spider:1 | Reached skill level 5 in Hexes
 15681 | Spider:1 | HP: 2/63 [tarantella (4)]
 15682 | Spider:1 | Mangled by a tarantella

Illustrated notes

Levels and vault maps discovered:
D:1:      lightli_arrival_boilingwater, layout_loops_ring,
          chequers_serial_rivers_marsh, minmay_tripent
D:2:      wander_river, layout_basic, ebering_ecumenical_altar_abandoned,
          uniq_terence
D:3:      layout_basic, amcnicky_altar_gilded, serial_shops, shop_scrolls,
          nicolae_lakefront_shop, shop, kennysheep_pointless_box,
          minmay_fractal_squares_gapless_5, uniq_crazy_yiuf_cottage
D:4:      layout_rooms, mainiacjoe_overflow_alcove_4, gammafunk_ghost_icy
D:5:      layout_basic, hangedman_ru_absence, grunt_dithmenos_smoke_and_mirrors,
          temple_fountains, gammafunk_ghost_nasty_kobolds
D:6:      layout_rooms, general_overflow_altar, lemuel_round_altar,
          grunt_gozag_breadcrumbs, slow_altar_2, nicolae_ossuary_entry_plus,
          biasface_ghost_orc_armoury, uniq_prince_ribbit1
D:7:      layout_loops_ring
D:8:      layout_layer_cave, fedhas_altar_2,
          yredelemnul_forgotten_temple_becter, bloody_trog, grunt_ogre_cave
D:9:      layout_roguey, lemuel_crystal_altar
D:10:     layout_long_grid, minmay_tree_intersection, grunt_decor_arrowhead,
          minmay_shop_grid_forest
D:11:     minmay_s_stair_smasher, layout_cave_pods,
          grunt_lair_entry_orc_guard_hut, david_orc_5,
          ploomutoo_gammafunk_ghost_potion_laboratory, uniq_erolcha
Temple:   dpeg_chambers_temple
Lair:1:   layout_cave_pods, special_room [special_room_bee]
Lair:2:   layout_small_grid, spider_nest_entry_web_field
Lair:3:   nzn_winding_woodlands_stair_trap
          [nzn_winding_woodlands_5x15_split_checker,
          nzn_winding_woodlands_5x15_pathside_ponds,
          nzn_winding_woodlands_5x15_default,
          nzn_winding_woodlands_15x15_eel_pit,
          nzn_winding_woodlands_5x15_garden,
          nzn_winding_woodlands_5x15_longhouse, nzn_winding_woodlands_5x15_eye],
          layout_regular_city, minmay_swamp_entry_worms, st_stairs_3,
          kennysheep_snail_temple, serial_bayou_shore_b, uniq_rupert
Lair:4:   layout_long_grid, basic_altar, serial_bayou, serial_bayou_ford_a,
          serial_bayou_shore_b, serial_bayou_lagoon_a, serial_bayou_shore_a,
          lemuel_fruit_tree, infiniplex_staircase_pool_2
Lair:5:   layout_loops_ring, slime_dummy, gammafunk_ghost_abyssal_escape,
          grunt_megastairs_3
Lair:6:   evilmike_catoblepas_cave, layout_regular_city, serial_bayou_lagoon_b
Swamp:1:  layout_basic_swamp, evilmike_swamp_ruin_house_3
Spider:1: layout_spider_delve, nicolae_spider_rock_and_or_roll
Slime:1:  layout_caves

Skill      XL: |  1  2  3  4  5  6  7  8  9 10 11 12 |
---------------+-------------------------------------+-----
Hexes          | 3 4 5 |  5.1
Short Blades   | 1 2 3 5 |  5.2
Armour         | 1 2 3 4 5 6 |  6.0
Dodging        | 2 3 4 |  4.4
Stealth        | 1 2 3 4 5 6 |  6.9
Fighting       | 2 3 4 5 6 |  6.5
Invocations    | 1 2 3 4 5 6 |  6.0
Crossbows      | 3 4 5 6 7 |  7.1
Evocations     | 1 2 3 4 |  4.0
Spellcasting   | 2 3 4 5 |  5.4
Maces & Flails | 2 4 5 6 |  6.3
Translocations | 1 2 3 4 |  4.0
Throwing       | 1 2 |  2.2
Shields        | 2 3 |  3.5

Action                   |  1- 3 |  4- 6 |  7- 9 | 10-12 || total
-------------------------+-------+-------+-------+-------++-------
Melee: Rapier            |    49 |   117 |    85 |       ||   251
       Flail             |       |       |   103 |    80 ||   183
       Eveningstar       |       |       |       |   106 ||   106
 Fire: Hand crossbow     |     8 |       |    48 |   215 ||   271
Throw: Boomerang         |       |     3 |     4 |    17 ||    24
 Cast: Slow              |       |     1 |       |       ||     1
       Portal Projectile |       |       |       |    35 ||    35
       Confusing Touch   |       |       |       |     4 ||     4
Invok: Ancestor Identity |       |     1 |     1 |       ||     2
       Ancestor Life: Ba |       |     1 |       |       ||     1
       Recall Ancestor   |       |       |       |     2 ||     2
Evoke: Wand              |       |     4 |       |     4 ||     8
  Use: Scroll            |       |     7 |    13 |     7 ||    27
       Potion            |       |       |     3 |     5 ||     8
 Stab: Sleeping          |     1 |     3 |     2 |       ||     6
       Distracted        |       |     1 |     4 |     1 ||     6
       Confused          |       |       |       |     1 ||     1
Armor: Robe              |    20 |     1 |       |       ||    21
       Leather armour    |       |    42 |    52 |    23 ||   117
       Ring mail         |       |       |    37 |       ||    37
       Scale mail        |       |       |     3 |       ||     3
       Acid dragon scale |       |       |       |    77 ||    77
Dodge: Dodged            |    38 |    63 |   101 |   173 ||   375
Block: Buckler           |       |       |       |    38 ||    38
